Match 38775898
Unlisted

Match 38775898
End
Construct Infanterie Kompanie
Selects Breakthrough Battlegroup
Selects Assault Grenadiers
Grenadier Squad
GrW 34 Mortar Team
Grenadier Squad
GrW 34 Mortar Team
Construct Luftwaffe Kompanie
Support Elements
Jäger Squad
Jäger Squad
Selects Smoke Bombing Run
Selects Rapid Production
Wirbelwind Flakpanzer
Marder III M Tank Destroyer
Luftwaffe Officer Quarters
Jäger Squad
Selects Incendiary Bombing Run
Incendiary Bombing Run
Marder III M Tank Destroyer
Selects Blitzkrieg
Construct Panzer Kompanie
Incendiary Bombing Run
Jäger Squad
Pioneer Squad
Jäger Squad
Incendiary Bombing Run
KoalaImpala
BOoBoO
QuantumLove
Tanith's Finest
Sulla
哈哈哈
Meder
~♥~ Няшка ~♥~
0
0

Comments sign in to comment!

No comments posted yet!